 Dungeon Crawl Stone Soup version 0.28.0-53-g5a82cb258f (webtiles) character file.

Game seed: 5201449750968149461

13741 ILmort the Fighter (level 11, -1/120 HPs)
             Began as a Troll Fighter on Aug 10, 2022.
             Was a High Priest of Okawaru.
             Slain by an 18-headed hydra (9 damage)
             ... on level 1 of the Lair of Beasts on Aug 11, 2022.
             The game lasted 00:47:07 (9820 turns).

ILmort the Fighter (Troll Fighter)                  Turns: 9820, Time: 00:47:08

Health: -1/120     AC: 21    Str: 30    XL:     11   Next: 79%
Magic:  10/10      EV:  7    Int:  4    God:    Okawaru [*****.]
Gold:   791        SH:  9    Dex: 18    Spells: 10/10 levels left

rFire   + + .      SeeInvis .     - Unarmed
rCold   + . .      Faith    .   b - +0 kite shield
rNeg    . . .      Spirit   .   k - +1 gold dragon scales of the Hanged Man {-Tele rPois rF+ rC+ rCorr Dex+9}
rPois   +          Reflect  .   (helmet restricted)
rElec   .          Harm     .   A - +0 cloak
rCorr   +          Rampage  .   (gloves unavailable)
Will    .....      NoTele   +   (boots unavailable)
Stlth   ..........              B - amulet of the acrobat
HPRegen 1.10/turn               o - ring of protection from fire
MPRegen 0.12/turn               d - +4 ring of evasion

@: no status effects
A: large, unfitting armour, claws 3, regeneration 1, shaggy fur 1, tough skin 1,
hooves 1, screaming 1
a: Renounce Religion, Heroism, Finesse, Duel


You were on level 1 of the Lair of Beasts.
You worshipped Okawaru.
Okawaru was extremely pleased with you.
You visited 3 branches of the dungeon, and saw 11 of its levels.
You also visited: Ossuary.

You collected 791 gold pieces.

Inventory:

Hand Weapons
 s - a +0 hunting sling of freezing
 D - a +3 quarterstaff of chaos
Missiles
 p - 4 throwing nets (quivered)
Armour
 b - a +0 kite shield (worn)
 k - the +1 gold dragon scales of the Hanged Man (worn) {-Tele rPois rF+ rC+ rCorr Dex+9}
   (You acquired it on level 6 of the Dungeon)

   Dex:       It affects your dexterity (+9).
   rF:        It protects you from fire.
   rC:        It protects you from cold.
   rPois:     It protects you from poison.
   -Tele:     It prevents most forms of teleportation.
   rCorr:     It protects you from acid and corrosion.
 A - a +0 cloak (worn)
 C - a +1 cloak of poison resistance
Jewellery
 d - a +4 ring of evasion (right claw)
 g - a ring of wizardry
 h - a ring of fire
 l - a ring of wizardry
 o - a ring of protection from fire (left claw)
 t - a ring of resist corrosion
 y - a ring of see invisible
 B - an amulet of the acrobat (around neck)
Wands
 F - a wand of acid (3)
 G - a wand of paralysis (2)
Scrolls
 a - a scroll of amnesia
 e - 7 scrolls of teleportation
 i - 5 scrolls of blinking
 m - 7 scrolls of magic mapping
 q - 4 scrolls of enchant armour
 u - 7 scrolls of identify
 x - 3 scrolls of immolation
 E - 2 scrolls of enchant weapon {unknown}
Potions
 c - a potion of might
 f - 10 potions of curing
 j - a potion of brilliance
 n - 2 potions of cancellation
 r - 2 potions of magic
 v - a potion of haste
 z - 3 potions of flight


   Skills:
 + Level 11.4 Fighting
 + Level 8.9 Armour
 - Level 2.4 Dodging
 - Level 2.4 Shields
 - Level 9.5 Unarmed Combat


You had 10 spell levels left.
You didn't know any spells.
Your spell library contained the following spells:

 Spells                   Type           Power      Damage    Failure   Level
 Apportation              Tloc           0%         N/A       100%        1
 Foxfire                  Conj/Fire      0%         2x1d4     100%        1
 Magic Dart               Conj           0%         1d3       100%        1
 Scorch                   Fire           0%         2d5       100%        2
 Searing Ray              Conj           0%         2d4       100%        2
 Static Discharge         Conj/Air       0%         N/A       100%        2
 Conjure Flame            Conj/Fire      0%         6-21      100%        3
 Inner Flame              Hex/Fire       0%         N/A       100%        3
 Stone Arrow              Conj/Erth      0%         3d7       100%        3
 Flame Wave               Conj/Fire      0%         2d4       100%        4
 Fulminant Prism          Conj/Hex       0%         3d6       100%        4
 Alistair's Intoxication  Tmut/Pois      0%         N/A       100%        5
 Lee's Rapid Deconstruct  Erth           0%         3d5*      100%        5
 Lightning Bolt           Conj/Air       0%         1d11      100%        5
 Iron Shot                Conj/Erth      0%         9d1       100%        6
 Statue Form              Tmut/Erth      0%         N/A       100%        6
 Lehudib's Crystal Spear  Conj/Erth      0%         10d2      100%        8
 Maxwell's Capacitive Co  Air            0%         ∞         100%        8
 Animate Armour           Summ/Erth      Unusable   N/A       N/A         4
 Summon Cactus Giant      Summ           Unusable   N/A       N/A         6

Dungeon Overview and Level Annotations

Branches:
Dungeon (9/15)             Temple (1/1) D:7            Lair (1/6) D:8
Ossuary (visited)
    Orc: D:9-12

Altars:
Ashenzari
Dithmenos
Elyvilon
Hepliaklqana
Kikubaaqudgha
Makhleb
Nemelex Xobeh
Okawaru
Qazlal
Ru
Trog
Wu Jian
Xom
Yredelemnul
The Shining One

Shops:
D:1 !==(!   D:9 *


Innate Abilities, Weirdness & Mutations

You are too large for most types of armour.
You have claws for hands.
Your natural rate of healing is unusually fast.
You are covered in fur. (AC +1)
You have tough skin. (AC +1)
You have large cloven feet.
You occasionally shout uncontrollably at your foes.


Message History

The 17-headed hydra closely misses you.
You barely miss the 17-headed hydra.
The 17-headed hydra is heavily wounded.
The 17-headed hydra bites you but does no damage. x2
The 17-headed hydra bites you. The 17-headed hydra closely misses you.
The 17-headed hydra bites you but does no damage. x2
You block the 17-headed hydra's attack. The 17-headed hydra bites you. x2
The 17-headed hydra bites you but does no damage. x4
The 17-headed hydra barely misses you.
The 17-headed hydra bites you but does no damage. x2
The 17-headed hydra bites you.
You claw one of the 17-headed hydra's heads off!
The 16-headed hydra grows two more!
You scratch the 18-headed hydra. You kick the 18-headed hydra.
The 18-headed hydra is heavily wounded.
The 18-headed hydra bites you but does no damage. x4
The 18-headed hydra bites you! The 18-headed hydra bites you.
* * * LOW HITPOINT WARNING * * *
You block the 18-headed hydra's attack. x2; The 18-headed hydra bites you.
* * * LOW HITPOINT WARNING * * *
The 18-headed hydra bites you!
* * * LOW HITPOINT WARNING * * *
You block the 18-headed hydra's attack.
The 18-headed hydra bites you but does no damage. x5
You block the 18-headed hydra's attack. The 18-headed hydra bites you.
* * * LOW HITPOINT WARNING * * *
The 18-headed hydra bites you.
* * * LOW HITPOINT WARNING * * *
The 18-headed hydra bites you but does no damage.
The 18-headed hydra bites you.
* * * LOW HITPOINT WARNING * * *
The 18-headed hydra barely misses you. You block the 18-headed hydra's attack.
The 18-headed hydra bites you but does no damage.
The 18-headed hydra bites you.
* * * LOW HITPOINT WARNING * * *
The 18-headed hydra bites you.
* * * LOW HITPOINT WARNING * * *
The 18-headed hydra bites you but does no damage.
The 18-headed hydra bites you!
You die...

#..######....####..# #.......##
##..#.#.##......#...####.....###
##..........##........P#.........
#..........###................###
...........###............#......
.##........##....................
#.............................#..
#.......#........................
..[.....##.[....@)...............
...#....##.....D.................
.....................#...........
....................#.......[....
....................#............
...........#P..............>.....
.................................
.#...............................
#.....................(........>


You could see a 18-headed hydra.

Vanquished Creatures
  3 two-headed ogres
  The ghost of Plasmagod the Cleaver, a novice MiFi of Okawaru (D:9)
  A necromancer (D:9)
  A cane toad (Lair:1)
  Maggie (D:6)
  A komodo dragon (Lair:1)
  A troll (D:9)
  A hornet (D:9)
  Grinder (D:6)
  2 shadows (D:9)
  3 wraiths (D:9)
  4 flying skulls (D:9)
  A ynoxinul (D:9)
  A vampire (D:9)
  5 wyverns
  9 yaks
  2 steam dragons
  A basilisk (D:7)
  6 water moccasins
  5 ice beasts
  5 orc warriors
  2 ogres
  2 centaurs
  A phantom (D:6)
  7 bullfrogs
  3 kobold brigands (D:8)
  A gnoll sergeant (D:9)
  2 wyvern zombies
  2 scorpions
  8 water moccasin zombies (Ossuary)
  A water moccasin skeleton (D:4)
  5 wights (D:9)
  7 electric eels
  5 howler monkeys (D:9)
  A bullfrog zombie (D:5)
  A jelly (D:7)
  7 centaur zombies (D:9)
  4 orc priests
  2 gnoll shamans
  4 centaur skeletons (D:9)
  Crazy Yiuf (D:6)
  2 hounds
  A scorpion zombie (D:5)
  3 iguanas
  10 orc wizards
  2 killer bee zombies (D:9)
  2 mummies (Ossuary)
  4 howler monkey zombies (D:9)
  Robin (D:3)
  15 gnolls
  A howler monkey skeleton (D:9)
  7 adders
  A shadow imp (D:6)
  An adder skeleton (D:4)
  3 adder zombies (Ossuary)
  3 worms
  3 dart slugs
  28 orcs
  4 ball pythons
  2 bats (D:1)
  12 endoplasms
  3 giant cockroaches
  13 goblins
  13 hobgoblins
  2 jackals (D:3)
  5 frilled lizards
  2 gnoll zombies (Ossuary)
  3 hobgoblin zombies (Ossuary)
  14 kobolds
  4 kobold zombies (Ossuary)
  9 orc zombies (Ossuary)
  6 rats
300 creatures vanquished.

Vanquished Creatures (others)
  A bat (D:2)
  2 fungi
  4 plants
7 creatures vanquished.

Grand Total: 307 creatures vanquished

Notes
Turn   | Place    | Note
-------+----------+-------------------------------------------
     0 | D:1      | ILmort the Troll Fighter began the quest for the Orb.
     0 | D:1      | Reached XP level 1. HP: 22/22 MP: 0/0
    50 | D:1      | Reached XP level 2. HP: 29/29 MP: 1/1
   106 | D:1      | Found Sijauclo's Jewellery Boutique.
   120 | D:1      | Found Peddaups's Jewellery Shop.
   184 | D:1      | Found Xagen's Distillery.
   269 | D:1      | Found a faded altar of an unknown god.
   354 | D:1      | Found Cukkuss's Distillery.
   541 | D:1      | Found Siucwey's Weapon Boutique.
   905 | D:2      | Reached XP level 3. HP: 36/36 MP: 2/2
  1354 | D:3      | Reached XP level 4. HP: 33/44 MP: 3/3
  1636 | D:3      | Noticed Robin
  1643 | D:3      | Killed Robin
  1651 | D:3      | Reached skill level 5 in Unarmed Combat
  1827 | D:3      | Reached XP level 5. HP: 48/50 MP: 4/4
  2172 | D:4      | Noticed a centaur
  2182 | D:4      | Reached XP level 6. HP: 50/59 MP: 5/5
  2746 | D:4      | Reached XP level 7. HP: 64/66 MP: 6/6
  2958 | D:5      | Entered Level 5 of the Dungeon
  3086 | D:5      | Found a sand-covered staircase.
  3092 | Ossuary  | Entered an ossuary
  3230 | Ossuary  | Reached XP level 8. HP: 74/74 MP: 7/7
  3265 | Ossuary  | Reached skill level 3 in Fighting
  3346 | Ossuary  | Gained mutation: Your mind is acute. (Int +2) [potion of
                  | mutation]
  3346 | Ossuary  | Gained mutation: You occasionally shout uncontrollably at
                  | your foes. [potion of mutation]
  3346 | Ossuary  | Lost mutation: Your mind is acute. (Int +2) [potion of
                  | mutation]
  3346 | Ossuary  | Gained mutation: You have large cloven feet. [potion of
                  | mutation]
  3798 | D:5      | Reached skill level 4 in Fighting
  4076 | D:6      | Found Akuofan's Assorted Antiques.
  4184 | D:6      | Noticed Grinder
  4198 | D:6      | Killed Grinder
  4199 | D:6      | Reached skill level 5 in Fighting
  4236 | D:6      | Noticed Maggie
  4248 | D:6      | Killed Maggie
  4249 | D:6      | Reached skill level 6 in Fighting
  4249 | D:6      | Reached XP level 9. HP: 78/92 MP: 8/8
  4347 | D:6      | Identified a scroll of acquirement
  4347 | D:6      | Acquired the +1 gold dragon scales of the Hanged Man {-Tele
                  | rPois rF+ rC+ rCorr Dex+9}
  4611 | D:6      | Reached skill level 7 in Fighting
  4767 | D:6      | Found a runed translucent door.
  4768 | D:6      | Noticed Crazy Yiuf
  4866 | D:6      | Killed Crazy Yiuf
  5147 | D:7      | Reached skill level 1 in Armour
  5503 | D:7      | Found a staircase to the Ecumenical Temple.
  5508 | Temple   | Entered the Ecumenical Temple
  5631 | Temple   | Became a worshipper of Warmaster Okawaru
  6014 | D:7      | Found a bloodstained altar of Trog.
  6269 | D:8      | Found a staircase to the Lair.
  6281 | D:7      | Reached skill level 8 in Fighting
  6355 | D:7      | Reached * piety under Okawaru
  6365 | D:7      | Reached XP level 10. HP: 94/106 MP: 9/9
  6445 | D:7      | Reached skill level 5 in Armour
  6563 | D:8      | Reached ** piety under Okawaru
  6698 | D:8      | Reached skill level 9 in Fighting
  6885 | D:8      | Noticed a two-headed ogre
  6894 | D:8      | Killed a two-headed ogre
  7927 | D:9      | Found Wesogh's General Store.
  8123 | D:9      | Reached *** piety under Okawaru
  8138 | D:9      | Reached skill level 10 in Fighting
  8195 | D:9      | Reached XP level 11. HP: 112/117 MP: 10/10
  8254 | D:9      | Noticed Plasmagod's ghost (novice MiFi)
  8255 | D:9      | Found a runed translucent door.
  8264 | D:9      | Reached **** piety under Okawaru
  8299 | D:9      | Noticed a two-headed ogre
  8316 | D:9      | Killed a two-headed ogre
  8363 | D:9      | Noticed a two-headed ogre
  8379 | D:9      | Noticed a necromancer
  8389 | D:9      | Killed a necromancer
  8404 | D:9      | Killed a two-headed ogre
  8404 | D:9      | Reached ***** piety under Okawaru
  9252 | D:9      | Killed Plasmagod's ghost
  9253 | D:9      | Reached skill level 11 in Fighting
  9274 | D:9      | Got Sif Muna's Incunabulum of Stones
  9343 | Lair:1   | Entered Level 1 of the Lair of Beasts
  9708 | Lair:1   | Noticed an eight-headed hydra
  9820 | Lair:1   | Slain by an 18-headed hydra

Illustrated notes

Levels and vault maps discovered:
D:1:      heliophobic_arrival_dark_side_of_the_moon, layout_loops_ring,
          serial_shops, shop_fountains, nicolae_shop_window_shopping, shop,
          nicolae_shop_waterfront, shop, chequers_ecumenical_altar_simple
D:2:      layout_basic, lemuel_flame_loot_1
D:3:      layout_loops_ring, hangedman_abyss_or_decor_lesser_grid, uniq_robin
D:4:      minmay_polygon_palace, layout_basic
D:5:      layout_loops_ring, nicolae_ossuary_entry_plus, corexii_checkpoint_a,
          kennysheep_generic_room_13
D:6:      layout_rooms, nicolae_stop_n_shop_2, nrook_mini_backslash,
          kennysheep_generic_room_15, uniq_crazy_yiuf_cottage, uniq_grinder,
          uniq_maggie
D:7:      layout_loops_ring, trog_hazing_becter, temple_doors_cd
D:8:      layout_basic, minmay_lair_entry_grove, nicolae_wwwww,
          amcnicky_mini_pool_medium
D:9:      hangedman_screamer, layout_basic, serial_shops,
          nicolae_shop_hallway_plus, hellmonk_ghost_big_iron,
          minmay_diced_spiral
Temple:   mainiacjoe_temple_hex_bubbles
Lair:1:   layout_cave_shapes

Skill      XL: |  1  2  3  4  5  6  7  8  9 10 11 |
---------------+----------------------------------+-----
Unarmed Combat | 3 4 5 6 7 9 |  9.5
Fighting       | 6 8 10 11 | 11.4
Armour         | 4 7 8 |  8.9
Dodging        | |  2.4
Shields        | |  2.4

Action                   |  1- 3 |  4- 6 |  7- 9 | 10-12 || total
-------------------------+-------+-------+-------+-------++-------
Melee: Unarmed           |   101 |   118 |   287 |   357 ||   863
       Kick              |       |       |    49 |   118 ||   167
Invok: Heroism           |       |       |       |     2 ||     2
Evoke: Wand              |       |       |       |     1 ||     1
  Use: Scroll            |       |       |    17 |       ||    17
       Potion            |       |       |     6 |     3 ||     9
 Stab: Sleeping          |     1 |       |       |       ||     1
Armor: Robe              |    29 |    25 |    30 |       ||    84
       Gold dragon scale |       |       |    68 |   321 ||   389
Dodge: Dodged            |    33 |    32 |    90 |   171 ||   326
Block: Kite shield       |    22 |    32 |    95 |   193 ||   342
